 Dungeon Crawl Stone Soup version v1.0-4-gf91daec (webtiles) character file.

5322 plsesad the Eclecticist (level 10, 0/50 HPs)
             Began as a Deep Elf Fire Elementalist on Feb 8, 2018.
             Was a Believer of Vehumet.
             Slain by a yak (9 damage)
             ... on level 9 of the Dungeon.
             The game lasted 00:17:28 (8313 turns).

plsesad the Eclecticist (DEFE)                      Turns: 8313, Time: 00:17:29

Health: 0/50       AC:  8    Str:  5    XL:     10   Next: 38%
Magic:  23/31      EV: 13    Int: 24    God:    Vehumet [**....]
Gold:   457        SH:  0    Dex: 15    Spells: 25/39 levels left

rFire    . . .     SeeInvis +   x - +1 mace "Rydwudui" {crush, *Contam MR+++ SInv}
rCold    . . .     Gourm    .   (no shield)
rNeg     + . .     Faith    .   O - +0 steam dragon scales
rPois    .         Spirit   .   (no helmet)
rElec    .         Reflect  .   i - +0 cloak
rCorr    .         Harm     +   A - +0 pair of gloves
MR       ++++.                  h - +0 pair of boots
Stlth    ++........             r - amulet of harm
HPRegen  0.16/turn              H - ring of positive energy
MPRegen  0.22/turn              (no ring)

@: no status effects
A: no striking features
a: Renounce Religion


You were on level 9 of the Dungeon.
You worshipped Vehumet.
Vehumet was pleased with you.
You were hungry.

You visited 1 branch of the dungeon, and saw 9 of its levels.

You collected 457 gold pieces.

Inventory:

Hand Weapons
 x - the +1 mace "Rydwudui" (weapon) {crush, *Contam MR+++ SInv}
   (You found it on level 4 of the Dungeon)

   It inflicts extra damage upon your enemies.
   It affects your resistance to hostile enchantments.
   It lets you see invisible.
   It causes magical contamination when unequipped.
Armour
 a - a +0 robe
 h - a +0 pair of boots (worn)
 i - a +0 cloak (worn)
 A - a +0 pair of gloves (worn)
 O - +0 steam dragon scales (worn)
Jewellery
 r - an amulet of harm (around neck)
 H - a ring of positive energy (left hand)
Wands
 C - a wand of digging (22)
 E - a wand of scattershot (8)
Scrolls
 f - 2 scrolls of recharging
 l - a scroll of teleportation
 n - a scroll of remove curse
 p - 2 scrolls of fog {unknown}
 q - 3 scrolls of immolation
 t - a scroll of amnesia {unknown}
 w - a scroll of enchant armour {unknown}
 y - a scroll of random uselessness {unknown}
 z - a scroll of blinking {unknown}
 B - 2 scrolls of magic mapping {unknown}
 F - a scroll of silence {unknown}
 I - 2 scrolls of enchant weapon {unknown}
 J - a scroll of vulnerability {unknown}
 M - 4 scrolls of identify
 P - a scroll of noise {unknown}
Potions
 d - 2 potions of agility
 e - a potion of brilliance {unknown}
 j - a potion of cancellation {unknown}
 k - 4 potions of haste
 m - 2 potions of berserk rage {unknown}
 s - 3 potions of might {unknown}
 v - 3 potions of lignification {unknown}
 D - a potion of mutation {unknown}
 G - 2 potions of restore abilities
Books
 b - a book of Flames

   Spells                             Type                      Level
   a - Flame Tongue                   Conjuration/Fire             1
   b - Throw Flame                    Conjuration/Fire             2
   c - Conjure Flame                  Conjuration/Fire             3
   d - Inner Flame                    Hexes/Fire                   3
   e - Sticky Flame                   Conjuration/Fire             4
   f - Fireball                       Conjuration/Fire             5
 u - a book of Spatial Translocations

   Spells                             Type                      Level
   a - Blink                          Translocation                2
   b - Shroud of Golubria             Charms/Translocation         2
   c - Lesser Beckoning               Translocation                3
   d - Gell's Gravitas                Translocation                3
   e - Teleport Other                 Translocation                3
   f - Passage of Golubria            Translocation                4
 K - a book of Callings

   Spells                             Type                      Level
   a - Summon Small Mammal            Summoning                    1
   b - Call Imp                       Summoning                    2
   c - Call Canine Familiar           Summoning                    3
   d - Summon Guardian Golem          Hexes/Summoning              3
   e - Summon Lightning Spire         Summoning/Air                4
   f - Summon Ice Beast               Ice/Summoning                4
 L - a book of Party Tricks

   Spells                             Type                      Level
   a - Summon Butterflies             Summoning                    1
   b - Apportation                    Translocation                1
   c - Lesser Beckoning               Translocation                3
   d - Tukima's Dance                 Hexes                        3
   e - Alistair's Intoxication        Transmutation/Poison         5
   f - Invisibility                   Hexes                        6
 N - a book of Geomancy

   Spells                             Type                      Level
   a - Sandblast                      Earth                        1
   b - Passwall                       Transmutation/Earth          2
   c - Stone Arrow                    Conjuration/Earth            3
   d - Petrify                        Transmutation/Earth          4
   e - Lee's Rapid Deconstruction     Earth                        5
Comestibles
 c - 20 rations


   Skills:
 - Level 2.4 Dodging
 - Level 2.4 Stealth
 + Level 15.4 Spellcasting
 - Level 7.0 Conjurations
 - Level 8.0 Fire Magic


You had 25 spell levels left.
You knew the following spells:

 Your Spells              Type           Power        Failure   Level  Hunger
a - Flame Tongue          Conj/Fire      #####        1%          1    None
b - Shock                 Conj/Air       ####         1%          1    None
c - Conjure Flame         Conj/Fire      ######..     1%          3    None
d - Sticky Flame          Conj/Fire      ######..     1%          4    None
s - Fireball              Conj/Fire      ######....   3%          5    ##.....


Dungeon Overview and Level Annotations

Branches:
Dungeon (9/15)             Temple (0/1) D:7
   Lair: D:8-11         Orc: D:9-12

Altars:
Elyvilon
Gozag
Hepliaklqana
Okawaru
Trog
Uskayaw
Vehumet


Message History

The yak burns!
The 8-legged redbacked crab zombie bites you but does no dacastercrab.
The yak gores you!
The 8-legged redbacked crab zombie closely misses you.
A yak comes into view.
Casting: Sticky Flame (safe; 1% risk of failure)
Confirm with . or Enter, or press ? or * to list all spells.
Aiming: Sticky Flame (safe; 1% risk of failure)
Press: ? - help, Shift-Dir - straight line, f - yak, p - yak
Aim: a yak The sticky flame hits the yak.
The yak appears unharmed.
The yak is covered in liquid flames!
The yak burns! x2; The yak gores you. The yak gores you!
* * * CRAB GONE DIE * * *
The 8-legged redbacked crab zombie bites you!
* * * CRAB GONE DIE * * *
You feel better.
The yak burns! x2
The 8-legged redbacked crab zombie closely misses you.
The yak gores you!
Your journey is over little crab

.. #.# ....
#.###########
.....#...........#
..!..#...........#
......'..†.....Y.Y.
......'............
......#..Y....Y....
......#..YZ########
......#.Y@.# #+###
#....# .......#
.........#
.......### .......
....... .......


You could see 4 yaks and a redback zombie.

Vanquished Creatures
  A two-headed ogre (D:8)
  Pikel (D:7)
  A queen bee (D:8)
  A hornet (D:8)
  A hungry ghost (D:7)
  3 steam dragons (D:8)
  Edmund (D:5)
  An ice beast (D:5)
  A sky beast (D:9)
  An orc warrior (D:6)
  A hornet zombie (D:9)
  A phantom (D:4)
  9 ogres
  A centaur (D:5)
  Blork the orc (D:5)
  The ghost of plsesad the Magician, an amateur DEFE (D:3)
  A bullfrog (D:9)
  A wyvern skeleton (D:8)
  A scorpion (D:5)
  15 killer bees (D:8)
  A howler monkey (D:4)
  3 wights (D:6)
  A bullfrog zombie (D:6)
  2 hounds
  2 jellies
  2 orc priests
  A gnoll shaman (D:8)
  An iguana (D:6)
  Jessica (D:2)
  5 worker ants
  3 orc wizards
  Terence (D:2)
  A hound zombie (D:3)
  4 gnolls (D:8)
  7 adders
  A shadow imp (D:6)
  5 worms
  A dart slug (D:1)
  3 leopard geckos
  23 orcs
  5 giant cockroaches
  5 goblins
  5 hobgoblins
  6 jackals (D:8)
  A quokka (D:5)
  3 bats
  5 frilled lizards
  6 kobolds
  A quokka skeleton (D:4)
  3 rats
152 creatures vanquished.

Vanquished Creatures (others)
  2 slaves (D:7)
  An ogre (D:7)
  A goblin (D:3)
4 creatures vanquished.

Grand Total: 156 creatures vanquished

Notes
Turn   | Place    | Note
-------+----------+-------------------------------------------
     0 | D:1      | plsesad the Deep Elf Fire Elementalist began the quest for the Orb.
     0 | D:1      | Reached XP level 1. HP: 10/10 MP: 6/6
   213 | D:1      | Reached XP level 2. HP: 15/15 MP: 5/8
   521 | D:2      | Noticed Jessica
   526 | D:2      | Killed Jessica
   526 | D:2      | Reached XP level 3. HP: 19/19 MP: 6/10
   849 | D:2      | Reached skill level 4 in Spellcasting
  1073 | D:2      | Noticed Terence
  1083 | D:2      | Killed Terence
  1083 | D:2      | Reached XP level 4. HP: 22/24 MP: 3/12
  1631 | D:3      | Learned a level 3 spell: Conjure Flame
  1636 | D:3      | Learned a level 4 spell: Sticky Flame
  1645 | D:3      | Reached XP level 5. HP: 28/28 MP: 5/14
  1787 | D:3      | Found a faded altar of an unknown god.
  1803 | D:3      | Found a radiant altar of Vehumet.
  1832 | D:3      | Became a worshipper of Vehumet
  2159 | D:3      | Noticed plsesad's ghost (amateur DEFE)
  2177 | D:3      | Killed plsesad's ghost
  2177 | D:3      | Reached skill level 5 in Spellcasting
  2466 | D:4      | Got an encrusted mace
  2467 | D:4      | Identified the cursed +1 mace "Rydwudui" {crush, *Contam MR+++ SInv} (You found it on level 4 of the Dungeon)
  2504 | D:4      | Reached skill level 5 in Fire Magic
  2727 | D:4      | Reached XP level 6. HP: 32/32 MP: 10/15
  3190 | D:4      | Reached skill level 5 in Conjurations
  3263 | D:4      | Reached XP level 7. HP: 36/36 MP: 9/16
  3326 | D:4      | Found an iron altar of Okawaru.
  3766 | D:5      | Entered Level 5 of the Dungeon
  3785 | D:5      | Noticed Blork the orc
  3792 | D:5      | Killed Blork the orc
  3869 | D:5      | Learned a level 5 spell: Fireball
  3904 | D:5      | Found a hazy altar of Hepliaklqana.
  4278 | D:5      | Reached XP level 8. HP: 41/41 MP: 5/17
  4389 | D:5      | Noticed Edmund
  4400 | D:5      | Killed Edmund
  4400 | D:5      | Reached * piety under Vehumet
  4400 | D:5      | Offered knowledge of Sandblast by Vehumet.
  5078 | D:6      | Reached skill level 6 in Spellcasting
  5220 | D:6      | Reached skill level 7 in Spellcasting
  5438 | D:6      | Reached skill level 8 in Spellcasting
  5706 | D:6      | Found a bloodstained altar of Trog.
  5763 | D:6      | Reached skill level 9 in Spellcasting
  6330 | D:7      | Found a staircase to the Ecumenical Temple.
  6430 | D:7      | Noticed Pikel
  6431 | D:7      | Found a hide-covered altar of Uskayaw.
  6433 | D:7      | Killed Pikel
  6433 | D:7      | Reached skill level 10 in Spellcasting
  6433 | D:7      | Reached XP level 9. HP: 45/45 MP: 14/25
  6475 | D:7      | Reached skill level 11 in Spellcasting
  6819 | D:8      | Found an opulent altar of Gozag.
  6927 | D:8      | Reached ** piety under Vehumet
  6927 | D:8      | Offered knowledge of Shock by Vehumet.
  6936 | D:8      | Learned a level 1 spell: Shock
  6985 | D:8      | Reached skill level 12 in Spellcasting
  7216 | D:8      | Found a hazy altar of Hepliaklqana.
  7239 | D:8      | Reached skill level 13 in Spellcasting
  7421 | D:8      | Noticed a two-headed ogre
  7424 | D:8      | Killed a two-headed ogre
  7424 | D:8      | Reached skill level 14 in Spellcasting
  7424 | D:8      | Reached XP level 10. HP: 50/50 MP: 5/30
  7964 | D:8      | Offered knowledge of Ignite Poison by Vehumet.
  7979 | D:8      | Reached skill level 15 in Spellcasting
  8001 | D:8      | Found a white marble altar of Elyvilon.
  8313 | D:9      | Slain by a yak

Skill      XL: |  1  2  3  4  5  6  7  8  9 10 |
---------------+-------------------------------+-----
Conjurations   | 2 3 4 5 6 7 |  7.0
Spellcasting   | 4 5 10 14 15 | 15.4
Fire Magic     | 4 5 6 7 8 |  8.0
Dodging        | |  2.4
Stealth        | |  2.4

Action                   |  1- 3 |  4- 6 |  7- 9 | 10-12 || total
-------------------------+-------+-------+-------+-------++-------
Melee: Mace              |       |     9 |     1 |       ||    10
 Cast: Flame Tongue      |    51 |    79 |   118 |    32 ||   280
       Sticky Flame      |       |     1 |    16 |    13 ||    30
       Conjure Flame     |       |     2 |     2 |       ||     4
       Fireball          |       |       |    24 |     7 ||    31
  Use: Scroll            |       |     4 |     5 |     3 ||    12
       Potion            |       |     1 |       |     3 ||     4
  Eat: Chunk             |       |     3 |    18 |       ||    21
       Ration            |       |     1 |       |     1 ||     2
Armor: Robe              |     3 |     6 |     9 |       ||    18
       Steam dragon scal |       |       |       |    15 ||    15
Dodge: Dodged            |     9 |    22 |    28 |    33 ||    92
